 Dungeon Crawl Stone Soup version 0.18.1-48-g4cf74bf (webtiles) character file.

390 Peloso the Shield-Bearer (level 6, -4/56 HPs)
             Began as a Minotaur Fighter on Sept 11, 2016.
             Was a Believer of Okawaru.
             Slain by an ogre
             ... wielding a +0 giant club
              (17 damage)
             ... on level 5 of the Dungeon.
             The game lasted 00:09:00 (3619 turns).

Peloso the Shield-Bearer (Minotaur Fighter)         Turns: 3619, Time: 00:09:01

Health: -4/56      AC: 13    Str: 21    XL:     6   Next: 50%
Magic:  5/5        EV:  5    Int:  5    God:    Okawaru [**....]
Gold:   207        SH: 10    Dex: 11    Spells: 0 memorised, 5 levels left

rFire  . . .     SeeInvis .     a - +0 long sword
rCold  + . .     Gourm    .     e - +0 plate armour
rNeg   . . .     Faith    .     c - +0 shield
rPois  .         Spirit   .     (helmet restricted)
rElec  .         Dismiss  .     w - +0 cloak
rCorr  .         Reflect  .     (no gloves)
SustAt .         Harm     .     (no boots)
MR     .....                    (no amulet)
Stlth  ..........               (no ring)
                                k - ring of protection from cold

@: not resistant to hostile enchantments, extremely unstealthy
A: retaliatory headbutt, horns 2
a: Heroism, Renounce Religion


You were on level 5 of the Dungeon.
You worshipped Okawaru.
Okawaru was pleased with you.
You were not hungry.

You visited 1 branch of the dungeon, and saw 5 of its levels.

You collected 207 gold pieces.

Inventory:

Hand Weapons
 a - a +0 long sword (weapon)
Armour
 b - a +1 scale mail
 c - a +0 shield (worn)
 e - a +0 plate armour (worn)
 w - a +0 cloak (worn)
Jewellery
 k - a ring of protection from cold (left hand)
Wands
 o - a wand of random effects (24/48)
 x - a wand of paralysis (10/24)
Scrolls
 h - 2 scrolls of magic mapping {unknown}
 i - a scroll of enchant armour
 l - 2 scrolls of amnesia {unknown}
 m - 3 scrolls of teleportation {unknown}
 p - a scroll of recharging {unknown}
 r - 2 scrolls of immolation {unknown}
 s - a scroll of enchant weapon {unknown}
 t - a scroll of fear {unknown}
 u - 2 scrolls of identify {unknown}
 v - 2 scrolls of noise {unknown}
 y - a scroll of remove curse
Potions
 d - 2 potions of might
 n - a potion of brilliance
 z - a potion of mutation {unknown}
 B - a potion of agility {unknown}
Books
 A - a book of Transfigurations

   Spells                             Type                      Level
   a - Irradiate                      Conjuration/Transmutation    5
   b - Statue Form                    Transmutation/Earth          6
   c - Hydra Form                     Transmutation                6
   d - Dragon Form                    Transmutation                7
Comestibles
 f - 7 bread rations
 g - 4 meat rations
 j - 3 beef jerkies
 q - 5 chunks of flesh


   Skills:
 + Level 5.0 Fighting
 + Level 3.6 Long Blades
   Level 0.5 Polearms
 + Level 5.3 Armour
 + Level 2.3 Dodging
 + Level 5.8 Shields


You had 5 spell levels left.
You didn't know any spells.

Dungeon Overview and Level Annotations

Branches:
Dungeon (5/15)
 Temple: D:4-7

Altars:
Dithmenos
Fedhas
Nemelex Xobeh
Okawaru
Trog
Zin
The Shining One


Innate Abilities, Weirdness & Mutations

You reflexively headbutt those who attack you in melee.
You have a pair of horns on your head.


Message History

You closely miss the iguana. Your headbutt misses the iguana.
The iguana is severely wounded.
You block the hound's attack.
The iguana bites you but does no damage.
The hound bites you but does no damage.
You slash the iguana!
You kill the iguana!
Okawaru accepts your kill.
Your Fighting skill increases to level 5!
You block the hound's attack. The ogre hits you with a giant club!!
You block the hound's attack.
You hit the ogre but do no damage. You headbutt the ogre!
The ogre is moderately wounded.
The hound bites you but does no damage. The ogre hits you with a giant club!!
* * * LOW HITPOINT WARNING * * *
The hound closely misses you.
You slash the ogre! You headbutt the ogre.
The ogre is almost dead.
The hound bites you but does no damage. The ogre hits you with a giant club!
You die...

.# ##
.#################...
...............>....#
..##########.#####.)#
#.## ####..## ..# #..#
#......####..#### .#.#
#...............h .#.##
#............###
....####........@h..♣
....#...........†O≈.≈...
###..###.(##..###.P≈P###
##.###..##..# .≈≈≈...
#..##..##..# .♣≈....
##.##..##.. .......
#..#..##.. .......
#..#..##.# .......
#.....##.#


You could see an ogre and 2 hounds.

Vanquished Creatures
  An ogre (D:5)
  An orc wizard (D:4)
  A giant frog skeleton (D:4)
  Natasha (D:4)
  An iguana (D:5)
  A worker ant (D:5)
  2 adders
  2 gnolls (D:1)
  3 oozes
  5 worms
  4 dart slugs
  10 orcs
  6 giant cockroaches
  8 goblins
  8 hobgoblins
  10 jackals
  A quokka (D:2)
  11 bats
  4 giant newts
  7 kobolds
  A quokka skeleton (D:4)
  13 rats
101 creatures vanquished.

Notes
Turn   | Place    | Note
--------------------------------------------------------------
     0 | D:1      | Peloso the Minotaur Fighter began the quest for the Orb.
     0 | D:1      | Reached XP level 1. HP: 19/19 MP: 0/0
   204 | D:1      | Reached XP level 2. HP: 26/27 MP: 1/1
   563 | D:1      | Reached XP level 3. HP: 33/33 MP: 2/2
  1113 | D:2      | Reached skill level 1 in Dodging
  1161 | D:2      | Reached XP level 4. HP: 30/40 MP: 3/3
  1170 | D:2      | Found a glowing golden altar of the Shining One.
  1175 | D:2      | Found a bloodstained altar of Trog.
  1179 | D:2      | Found a blossoming altar of Fedhas.
  1182 | D:2      | Found a glowing silver altar of Zin.
  1669 | D:2      | Found a faded altar to an unknown god.
  1766 | D:2      | Became a worshipper of Warmaster Okawaru
  1766 | D:2      | Reached * piety under Okawaru
  2081 | D:3      | Found a sparkling altar of Nemelex Xobeh.
  2119 | D:3      | Reached XP level 5. HP: 21/47 MP: 4/4
  2396 | D:4      | Found a shadowy altar of Dithmenos.
  2671 | D:4      | Reached skill level 5 in Shields
  2772 | D:4      | Noticed Natasha
  2780 | D:4      | Killed Natasha
  3349 | D:5      | Entered Level 5 of the Dungeon
  3355 | D:5      | Reached XP level 6. HP: 50/55 MP: 5/5
  3367 | D:5      | Reached skill level 5 in Armour
  3617 | D:5      | Reached ** piety under Okawaru
  3617 | D:5      | Reached skill level 5 in Fighting
  3619 | D:5      | Slain by an ogre

Skill      XL: |  1  2  3  4  5  6 |
---------------+-------------------+-----
Fighting       | 4 5 |  5.0
Armour         | 4 5 |  5.3
Shields        | 4 5 |  5.8
Dodging        | 1 2 |  2.3
Long Blades    | 3 |  3.6
Polearms       | |  0.5

Action                   |  1- 3 |  4- 6 || total
-------------------------+-------+-------++-------
Melee: Long sword        |    37 |   138 ||   175
       Headbutt          |    11 |    36 ||    47
       Spear             |    53 |    77 ||   130
  Use: Potion            |     1 |     3 ||     4
       Scroll            |     1 |     1 ||     2
  Eat: Chunk             |     1 |     7 ||     8
       Pizza             |       |     1 ||     1
Armor: Scale mail        |    38 |    16 ||    54
       Plate armour      |       |   137 ||   137
Dodge: Dodged            |    30 |    42 ||    72
Block: Shield            |    49 |   125 ||   174
